 Dungeon Crawl Stone Soup version 0.18-a0-1160-geb89fc2 (webtiles) character file.

609 Duffy the Chopper (level 7, -7/52 HPs)
             Began as a Formicid Fighter on Jan 24, 2016.
             Killed from afar by a centaur (12 damage)
             ... with a wand of draining
             ... on level 5 of the Dungeon.
             The game lasted 00:03:23 (4628 turns).

Duffy the Chopper (Formicid Fighter)                Turns: 4628, Time: 00:03:23

Health: -7/52      AC:  8    Str: 22    XL:     7   Next: 71%
Magic:  25/25      EV:  8    Int:  8    God:
Gold:   195        SH:  9    Dex: 10    Spells: 0 memorised, 6 levels left

rFire  . . .     SeeInvis +     a - +0 war axe
rCold  . . .     Gourm    +     b - +0 scale mail
rNeg   . . .     Faith    .     c - +0 shield
rPois  .         Spirit   .     (helmet unavailable)
rElec  .         Dismiss  .     y - +0 cloak
rCorr  .         Reflect  .     n - +0 pair of gloves
SustAt .         Harm     .     (no boots)
MR     .....                    A - amulet of the gourmand
Stlth  ..........               h - ring of magical power
                                C - ring of magical power

@: heavily drained, not resistant to hostile enchantments, extremely unstealthy
A: permanent stasis, dig shafts and tunnels, four strong arms, antennae 3
a: Dig, Shaft Self


You were on level 5 of the Dungeon.
You were full.

You visited 1 branch of the dungeon, and saw 5 of its levels.

You collected 195 gold pieces.


Innate Abilities, Weirdness & Mutations

You are under a permanent stasis effect.
You can dig through walls and to a lower floor.
Your four strong arms can wield two-handed weapons with a shield.
You have a pair of large antennae on your head (SInv).


   Skills:
 - Level 3.2(1.8) Fighting
 + Level 6.9(5.3) Axes
 - Level 3.2(1.8) Armour
 + Level 6.1(4.5) Shields


You had 6 spell levels left.
You didn't know any spells.

Inventory:

Hand Weapons
 a - a +0 war axe (weapon)
Missiles
 p - 25 poisoned needles
Armour
 b - a +0 scale mail (worn)
 c - a +0 shield (worn)
 n - a +0 pair of gloves (worn)
 y - a +0 cloak (worn)
Jewellery
 h - a ring of magical power (right hand)
 A - an amulet of the gourmand (around neck)
 C - a ring of magical power (left hand)
 D - a +3 ring of intelligence
Scrolls
 e - a scroll of blinking {unknown}
 l - 4 scrolls of magic mapping {unknown}
 o - 3 scrolls of remove curse {unknown}
 t - 3 scrolls of enchant weapon {unknown}
 u - 3 scrolls of amnesia {unknown}
 E - a scroll of teleportation {unknown}
 F - a scroll of identify {unknown}
Potions
 d - a potion of might
 g - a potion of lignification {unknown}
 i - a potion of invisibility {unknown}
 j - 3 potions of magic {unknown}
 k - a potion of haste {unknown}
 m - a potion of ambrosia {unknown}
 q - 2 potions of curing {unknown}
 r - a potion of beneficial mutation {unknown}
 s - a potion of berserk rage {unknown}
 v - a potion of flight {unknown}
 w - a potion of agility {unknown}
 x - a potion of brilliance {unknown}
Books
 G - a book of Flames
Comestibles
 f - 5 bread rations
 z - a slice of pizza
 B - 3 fruits

Dungeon Overview and Level Annotations

Branches:
Dungeon (5/15)
 Temple: D:4-7

Altars:
Ashenzari
Kikubaaqudgha
Sif Muna


Message History

An ooze and a worker ant come into view.
You are too injured to fight recklessly!
You are too injured to fight recklessly!
You are too injured to fight recklessly!
You are too injured to fight recklessly!
You are too injured to fight recklessly!
You are too injured to fight recklessly!
You are too injured to fight recklessly!
You are too injured to fight recklessly!
You are too injured to fight recklessly!
You are too injured to fight recklessly!
You are too injured to fight recklessly!
You are too injured to fight recklessly!
You are too injured to fight recklessly!
You are too injured to fight recklessly!
You are too injured to fight recklessly!
You are too injured to fight recklessly!
You are too injured to fight recklessly!
You are too injured to fight recklessly!
You are too injured to fight recklessly!
You are too injured to fight recklessly!
You are too injured to fight recklessly!
You are too injured to fight recklessly!
The ooze quivers.
The worker ant twitches its antennae in your direction.
The centaur zaps a wand.
The bolt of negative energy hits you!
You feel drained.
Found 2 glowing puce potions.
The centaur unwields an uncursed shortbow.
You block the centaur's attack.
You slash the centaur!
The centaur is moderately wounded.
The centaur zaps a wand.
The bolt of negative energy hits you!
You feel drained.
You die...

...............(.......
...............(..######
........(...).(...#
...........().....#
..................#
..........(.......#
..................#
..................#
.....a.@.)........#
.......c..........#
.!................#
.....J.........?..#
................(.
.................
................
...............


You could see a centaur, a worker ant and an ooze.

Action                   |  1- 3 |  4- 6 |  7- 9 || total
-------------------------+-------+-------+-------++-------
Melee: War axe           |    89 |   173 |    56 ||   318
  Eat: Chunk             |       |    18 |     5 ||    23

Notes
Turn   | Place    | Note
--------------------------------------------------------------
     0 | D:1      | Duffy the Formicid Fighter began the quest for the Orb.
     0 | D:1      | Reached XP level 1. HP: 18/18 MP: 1/1
   196 | D:1      | Reached XP level 2. HP: 24/24 MP: 2/2
   310 | D:1      | Reached skill level 3 in Axes
   561 | D:1      | Reached XP level 3. HP: 29/29 MP: 3/3
   953 | D:2      | Noticed Ijyb
   960 | D:2      | Killed Ijyb
   960 | D:2      | Reached skill level 4 in Axes
   960 | D:2      | Reached XP level 4. HP: 35/35 MP: 4/4
  1427 | D:2      | Reached XP level 5. HP: 25/41 MP: 5/5
  1613 | D:2      | Reached skill level 5 in Axes
  2109 | D:3      | Noticed Jessica
  2120 | D:3      | Killed Jessica
  2399 | D:3      | Found a shattered altar of Ashenzari.
  2602 | D:3      | Noticed Natasha
  2612 | D:3      | Killed Natasha
  2612 | D:3      | Reached XP level 6. HP: 43/47 MP: 6/6
  2651 | D:3      | Found a deep blue altar of Sif Muna.
  2769 | D:3      | Reached skill level 4 in Shields
  3039 | D:3      | Reached skill level 6 in Axes
  3084 | D:3      | Found an ancient bone altar of Kikubaaqudgha.
  3510 | D:4      | Noticed an ogre
  3521 | D:4      | Killed an ogre
  3521 | D:4      | Reached skill level 5 in Shields
  3521 | D:4      | Reached XP level 7. HP: 21/52 MP: 7/7
  4484 | D:5      | Entered Level 5 of the Dungeon
  4593 | D:5      | Reached skill level 6 in Shields
  4628 | D:5      | Killed from afar by a centaur

Vault maps used:
D:1:      dpeg_arrival_arbitrary_b, minivault_4
D:2:      forest_paths, first_bread, uniq_iyjb
D:3:      overflow_temple_1_default, lemuel_coloured_pillars_altar,
          ashenzari_altar_1, uniq_natasha, uniq_jessica
D:5:      grunt_temple_overflow_open, nicolae_overflow_crystal_walls,
          basic_altar, serial_shops, kennysheep_mini_moat

Vanquished Creatures
  An ogre
  A centaur
  A scorpion Jessica Ijyb Natasha
  2 orc wizards
  2 worker ants
  12 adders
  An ooze
  An adder skeleton
  4 worms
  4 giant geckos
  7 orcs
  5 bats
  3 giant cockroaches
  10 goblins
  14 hobgoblins
  6 jackals
  5 kobolds
  5 quokkas
  A ball python
  3 giant newts
  8 rats
99 creatures vanquished.
